Map: 월드 오브 슬리퍼스 - 래더

Players

Rogue - Winner!

  • Race: Zerg Zerg
  • Spawn Location: 1:00

soO

  • Race: Zerg Zerg
  • Spawn Location: 7:00

Event: IEM Katowice 2020

VOD

Have the link to the VOD?

Description

Time

  • Played on: Feb. 27, 2020, 11:32 a.m.
  • Length: 4:56

All games in this series

Show
View Real Time Build Order
Export as new Build Order

Rogue Zerg - Winner!

Build Orders: Hatch First, Zergling Baneling 

Get SALT Encoding   

  12  0:00  Drone  
  13  0:12  Overlord  
  13  0:17  Drone  
  14  0:31  Drone x2  
  16  0:48  Hatchery  
  15  0:51  Drone  
  15  0:54  Drone  
  17  0:58  Drone  
  18  1:09  Extractor  
  17  1:13  Spawning Pool  
  17  1:16  Drone  
  17  1:19  Drone  
  18  1:29  Drone  
  19  1:40  Drone  
  20  1:50  Drone  
  21  1:59  Queen x2  
  21  2:01  Drone, Overlord  
  26  2:08  Metabolic Boost  
  26  2:11  Drone x2  
  28  2:24  Zergling x4  
  30  2:32  Hatchery  
  29  2:38  Zergling x4  
  31  2:48  Zergling x4  
  33  2:54  Overlord  
  33  2:56  Zergling x2  
  34  3:00  Baneling Nest  
  33  3:06  Zergling x4  
  33  3:10  Zergling x2  
  36  3:13  Zergling x8  
  36  3:17  Zergling x2  
  40  3:22  Overlord  
  40  3:23  Zergling x2  
  41  3:30  Zergling x2  
  42  3:40  Zergling x10  
  47  3:42  Zergling x2  
  47  3:46  Zergling x2  
  50  3:48  Zergling x2  
  50  3:49  Baneling  
  50  3:53  Baneling x4  
  50  3:59  Zergling x4  
  52  4:06  Zergling x2  
  50  4:11  Zergling x2  
  50  4:16  Zergling x6  
  51  4:18  Zergling x2  
  51  4:23  Zergling x2  
  51  4:24  Zergling x2  
  50  4:25  Zergling x2  
  50  4:28  Zergling x2  
  49  4:33  Baneling x3  
Show
View Real Time Build Order
Export as new Build Order

soO Zerg 

Build Orders: Hatch First 

Get SALT Encoding   

  12  0:00  Drone  
  13  0:12  Overlord  
  13  0:16  Drone  
  14  0:30  Drone x2  
  16  0:47  Hatchery  
  16  0:50  Drone  
  16  0:54  Drone  
  17  0:57  Drone  
  18  1:07  Extractor  
  17  1:12  Spawning Pool  
  17  1:15  Drone  
  17  1:18  Drone  
  18  1:28  Drone  
  19  1:38  Drone  
  20  1:49  Overlord  
  20  1:59  Queen x2  
  20  2:00  Drone  
  20  2:01  Drone  
  26  2:11  Drone x2, Metabolic Boost  
  28  2:23  Drone x2  
  30  2:33  Hatchery  
  30  2:35  Drone  
  30  2:41  Queen  
  32  2:46  Drone  
  32  2:48  Overlord  
  33  2:53  Baneling Nest  
  33  2:54  Drone  
  33  2:59  Zergling x2  
  33  3:01  Drone  
  33  3:05  Evolution Chamber  
  34  3:06  Drone  
  34  3:09  Drone  
  34  3:11  Drone  
  37  3:13  Zergling x2  
  37  3:15  Drone  
  39  3:26  Overlord  
  39  3:27  Zergling x6  
  42  3:29  Zergling x2  
  43  3:35  Zergling x2  
  43  3:39  Overlord  
  44  3:45  Zergling x8  
  48  3:55  Baneling x4  
  48  3:57  Drone x4  
  48  4:02  Zergling x6  
  51  4:10  Zergling x4  
  51  4:12  Zergling x2  
  51  4:16  Zergling x2  
  52  4:17  Zergling x2  
  52  4:19  Zergling x2  
  52  4:22  Zergling x2  
  46  4:26  Zergling x2  
  46  4:28  Baneling  
  46  4:29  Zergling x2  
  37  4:37  Zergling x2  

Tags
 
Add a new tag
Caveats
  • Supply blocks, unpowered buildings, or Contaminate may cause inaccurate times.
  • Supply counts are checked every 10 seconds.